AoeStats
← waw15

African Clearing

504591271Analyzed
4v4 RM · 26d ago on Sep 5, 2026· 48m 46s· 8 players
Game mode
Random Map
Map size
Large (8 player)
Population
200
Speed
Normal
Resources
Standard
Victory
Conquest
Starting age
Dark Age
Ending age
Imperial Age
RankedLock teamsTeams togetherTeam positionsShared explorationLock speedFull tech treeHidden civsTurbo modeCheats
Victory
Defeat
🇹🇷 Magyars · Türkiye
1025
+13
🇪🇸 Saracens · Spain
1004
+14
🇹🇷 Ethiopians · Türkiye
988
+15
🇬🇧 Franks · United Kingdom
966
+16
🇧🇷 Huns · Brazil
999
-16
🇧🇷 Persians · Brazil
993
-16
🇵🇱 Goths · Poland
931
-13
🇬🇧 Japanese · United Kingdom
914
-13
toby
5:43 Loom
15:07 Feudal Age
21:58 Castle Age
24:15 Pikeman
24:57 Squires
28:25 Double-Bit Axe
30:43 Stone Mining
30:44 Gold Mining
32:32 Wheelbarrow
33:06 Forging
33:01 Scale Barding Armor
37:08 Husbandry
38:04 Bow Saw
41:01 Imperial Age
38:47 Hand Cart
38:17 Town Watch
41:32 Cavalier
42:55 Gold Shaft Mining
43:25 Chemistry
43:08 Halberdier
45:18 Scale Mail Armor
45:54 Iron Casting
45:39 Chain Barding Armor
47:24 Paladin
e4gl3
3:33 Loom
18:21 Feudal Age
19:18 Double-Bit Axe
19:15 Horse Collar
27:14 Castle Age
25:20 Stone Mining
28:18 Crossbowman
29:06 Thumb Ring
34:27 Crossbowman
35:10 Padded Archer Armor
45:11 Town Watch
46:22 Crossbowman
Pooh1818
12:27 Loom
14:54 Feudal Age
18:33 Castle Age
16:27 Double-Bit Axe
16:24 Horse Collar
19:51 Bow Saw
21:39 Heavy Plow
24:00 Wheelbarrow
23:15 Town Watch
25:14 Gold Mining
26:03 Stone Mining
28:06 Hand Cart
29:02 Town Patrol
29:20 Corvinian Army
31:07 Gold Shaft Mining
30:52 Scale Barding Armor
34:29 Imperial Age
32:34 Chain Barding Armor
33:18 Fletching
34:39 Elite Magyar Huszar
35:40 Conscription
35:55 Ballistics
36:36 Chemistry
36:15 Plate Barding Armor
35:36 Bodkin Arrow
35:41 Padded Archer Armor
37:46 Two-Man Saw
37:16 Parthian Tactics
37:21 Thumb Ring
37:44 Bloodlines
37:35 Husbandry
36:59 Heavy Cavalry Archer
38:22 Hoardings
40:13 Bracer
40:28 Leather Archer Armor
40:27 Recurve Bow
43:56 Ring Archer Armor
48:00 Siege Engineers
48:06 Masonry
47:37 Treadmill Crane
47:53 Murder Holes
Carone
4:45 Loom
12:08 Feudal Age
12:33 Double-Bit Axe
17:15 Castle Age
18:13 Bow Saw
22:26 Fletching
23:30 Wheelbarrow
22:42 Crossbowman
25:09 Town Watch
26:18 Bodkin Arrow
27:19 Padded Archer Armor
30:23 Thumb Ring
32:14 Leather Archer Armor
34:33 Hand Cart
41:46 Imperial Age
40:00 Town Patrol
41:13 Horse Collar
41:56 Forging
43:53 Conscription
44:12 Iron Casting
44:13 Heavy Plow
49:13 Blast Furnace
48:19 Scale Barding Armor
PiotrekEs
12:57 Feudal Age
16:50 Loom
16:53 Double-Bit Axe
22:37 Castle Age
21:31 Horse Collar
24:13 Bow Saw
28:51 Husbandry
29:02 Bloodlines
29:07 Forging
30:24 Scale Mail Armor
32:34 Squires
33:04 Masonry
32:25 Pikeman
34:14 Anarchy
36:48 Chain Mail Armor
37:09 Iron Casting
41:39 Iron Casting
41:21 Heavy Plow
45:06 Imperial Age
47:43 Imperial Age
Galluzzi
4:34 Loom
6:09 Loom
14:42 Feudal Age
15:17 Town Watch
16:17 Double-Bit Axe
16:51 Fishing Lines
22:13 Castle Age
22:58 Bow Saw
23:25 Wheelbarrow
22:43 Gillnets
28:12 Husbandry
29:51 Husbandry
30:02 Bloodlines
31:00 Light Cavalry
31:53 Bloodlines
31:43 Husbandry
33:11 Kamandaran
36:14 Imperial Age
34:04 Hand Cart
35:28 Crossbowman
36:14 Thumb Ring
36:47 Fletching
38:03 Cavalier
39:02 Padded Archer Armor
39:50 Conscription
40:03 Bodkin Arrow
40:26 Leather Archer Armor
40:54 Forging
42:11 Ring Archer Armor
42:09 Scale Barding Armor
43:22 Iron Casting
44:02 Chain Barding Armor
46:38 Blast Furnace
46:16 Plate Barding Armor
46:23 Light Cavalry
46:28 Savar
48:41 Chemistry
48:02 Ballistics
48:21 Citadels
Six
7:47 Loom
12:50 Feudal Age
19:44 Castle Age
18:06 Double-Bit Axe
21:55 Gold Mining
22:18 Bow Saw
24:10 Fletching
32:31 Horse Collar
waw15
14:40 Feudal Age
13:39 Loom
15:59 Man-at-Arms
22:27 Castle Age
28:34 Fletching
29:44 Gold Mining
30:49 Double-Bit Axe
32:16 Horse Collar
33:55 Pikeman
45:02 Imperial Age
43:45 Yasama
43:46 Guard Tower
Connection lost

Rejoining the realm…

Still unreachable

The connection could not be restored.

Session expired

The server has moved on; the page needs a fresh start.